[Event "FIDE Candidates 2026"]
[White "Bluebaum,Matthias"]
[Black "Praggnanandhaa R"]
[Site "Agios Georgios Pegeia"]
[Round "4.2"]
[Annotator "TA"]
[Result "1/2-1/2"]
[Date "2026.04.01"]
[WhiteElo "2698"]
[BlackElo "2741"]
[PlyCount "73"]
[TimeControl "60"]

1. d4 Nf6 2. c4 e6 3. Nf3 d5 4. Nc3 c6 5. e3 a6 6. Qc2 c5 7. cxd5 exd5 8. dxc5 {[%emt 0:0:44] The position is equal. D45: Semi-Slav: 5 e3.} Bxc5 9. Be2 Nc6 {[%emt 0:1:29] 9...Nc6 was played by the boomers.} 10. O-O Be6 11. a3 Rc8 12. b4 Bd6 13. Bb2 O-O 14. Rac1 Ne5 15. Nxe5 Bxe5 16. Qb1 $146 ({Predecessor:} 16. Qd2 Qd7 17. Rfd1 Rxc3 18. Bxc3 Ne4 19. Qe1 Nxc3 20. Rxc3 Bxc3 21. Qxc3 Rc8 22. Qd2 {1-0 Binder,M (1815)-Bachner,K (1819) AUT-ch U14 St Poelten 2009 (2)} )Qd6 17. f4 Bxc3 18. Bxc3 Ne4 19. Be5 {[%emt 0:0:50] This pair of bishops is nice.} Qd7 20. Rxc8 Rxc8 21. Rc1 f6 22. Bb2 Nd6 23. Rxc8+ Qxc8 24. Qc1 Nc4 25. Bxc4 Qxc4 26. Qxc4 dxc4 $11 {[%emt 0:0:4][%mdl 4096] Endgame KB-KB} 27. e4 f5 28. exf5 Bxf5 29. Kf2 Kf7 30. Ke3 g6 31. Kd4 Bd3 32. Ke5 Bf1 33. g3 Bh3 34. Kd5 Bf1 35. Ke5 Bh3 36. Kd5 Bf1 37. Ke5 {[%emt 0:0:2] An even fight not without its subleties.   Weighted Error Value: White=0.04 (flawless) /Black=0.03 (flawless)   OK:         	White=13    	Black=9} 1/2-1/2

[Event "FIDE Candidates 2026"]
[White "Esipenko,Andrey"]
[Black "Giri,Anish"]
[Site "Agios Georgios Pegeia"]
[Round "4.3"]
[Annotator "TA"]
[Result "0-1"]
[Date "2026.04.01"]
[WhiteElo "2698"]
[BlackElo "2753"]
[PlyCount "68"]
[TimeControl "60"]

1. e4 c5 2. Nf3 d6 3. d4 cxd4 4. Nxd4 Nf6 5. Nc3 a6 6. Bg5 e6 7. Bd3 Be7 8. Qe2 {[%emt 0:0:9] B95: Sicilian Najdorf: 6 Bg5 e6, unusual White 7th moves.} Nxe4 9. Nxe4 Bxg5 10. Nf5 {[%emt 0:0:10] The position is equal.} Be7 11. Nxg7+ Kd7 $146 ({Predecessor:} 11... Kf8 12. Nh5 d5 13. Neg3 Nc6 14. O-O Bd7 15. c4 d4 16. a3 a5 17. Rad1 Qc7 {½-½ Orgovan,S (2240)-Stempin,P (2255) Bydgoszcz U20 1980} )12. O-O Nc6 13. c4 Kc7 {[%emt 0:3:49] A sharp opening} 14. Nh5 Bd7 15. Rfd1 Rc8 16. b4 $1 Nxb4 17. Rab1 Nxd3 18. Qxd3 (18. Rxd3 $14 {keeps the upper hand.} Bc6 19. Rbd1 )Ba4 $17 {[%emt 0:20:0] Black converts the advantage convincingly.} 19. Rd2 {[%emt 0:40:34] [#] And now Qd4 would win.} Kb8 20. Rdb2 (20. Qd4 $15 Bc6 21. Nxd6 )Bc6 21. c5 (21. Nf4 $17 )dxc5 $19 22. Qxa6 {[%emt 0:0:45][%cal Rb2b7] White wants to mate with Rxb7+.} Qd5 23. f3 Rc7 24. Nhg3 Rd8 25. Nf2 c4 26. Nge4 {[%emt 0:0:21] [#]} (26. Rc2 )f5 27. Nc3 Qc5 28. Re2 (28. Qb6 $142 )Bf6 {[%emt 0:3:13] A strong pair of Bishops.} 29. Na4 Bxa4 (29... Qa3 $142 {...Rg8 is the strong threat.} 30. Qxc4 Bxf3 31. Qxe6 Bxe2 )30. Qxa4 {[%emt 0:0:1] White is weak on the dark squares} c3 31. Qc2 (31. g3 {was called for.} )Bg5 {[%emt 0:0:44] Black is clearly winning.} 32. Kf1 (32. g3 $142 )Qc4 33. Rd1 Rd2 34. Rdxd2 cxd2 {[%emt 0:0:10] Weighted Error Value: White=0.85/Black=0.41   Mistake:       	White=7     	---        Inaccurate:     	---       	Black=2      OK:         	White=3     	Black=1      Strong:       	White=1     	Black=1} 0-1

[Event "FIDE Candidates 2026"]
[White "Wei,Yi"]
[Black "Nakamura,Hikaru"]
[Site "Agios Georgios Pegeia"]
[Round "4.4"]
[Annotator "TA"]
[Result "1/2-1/2"]
[Date "2026.04.01"]
[WhiteElo "2754"]
[BlackElo "2810"]
[PlyCount "123"]
[TimeControl "60"]

1. e4 c5 2. Nf3 d6 3. Nc3 Nf6 4. Bc4 a6 5. d4 cxd4 6. Nxd4 g6 7. f3 {[%emt 0:14:39] B90: Sicilian Najdorf: Unusual White 6th moves, 6 Be3 Ng4 and 6 Be3 e5.} b5 8. Bb3 Bb7 9. Be3 {[%emt 0:34:43] White is slightly better.} Nbd7 10. a4 bxa4 11. Bxa4 Bg7 12. Nc6 $146 ({Predecessor:} 12. O-O O-O 13. Qe2 Rc8 14. Rfd1 Qc7 15. Qf2 Ne5 16. Bb3 Nc4 17. Bxc4 Qxc4 18. Nb3 {½-½ Gerlach,F (1956)-Schimnatkowski,L (1970) Ruhrgebiet Verbandsklasse Gruppe 3 1617 2016 (7.1)} )Qc7 13. Na5 O-O 14. Bxd7 Nxd7 15. Bd4 Bh6 16. O-O e6 17. Qe1 Rab8 18. Qh4 Bg7 19. Bxg7 Kxg7 20. Qf2 Bc8 21. Nd1 Nf6 22. c4 d5 23. cxd5 exd5 24. e5 Ng8 25. Nc3 {[%emt 0:3:38] Dodges Rb5} Ne7 26. Rfc1 Qd8 27. Rd1 {[%emt 0:2:4][%cal Oc3d5] [#] Hoping for Nxd5!.} Be6 28. Nc4 Nf5 29. Nd6 (29. Rxa6 $2 Qc8 30. Rxe6 fxe6 $19 )Nxd6 30. exd6 Qxd6 31. Qd4+ Kg8 32. Nxd5 Bxd5 33. Qxd5 Qb6+ 34. Qd4 Qxd4+ (34... Qxb2 {is more complex.} 35. Rxa6 Qe2 36. Qd3 Rfe8 )35. Rxd4 Rxb2 36. Rxa6 $11 {[%emt 0:0:4][%mdl 4096] Endgame KRR-KRR} Rc8 {[%emt 0:0:1] [#] ( -> ...Rc1+)} 37. h4 Rcc2 38. Rg4 h5 39. Rg5 (39. Rg3 $1 $11 )Rc4 $17 40. Kh2 (40. Raa5 $142 )Rxh4+ 41. Kg1 Rb1+ 42. Kf2 Rhh1 43. Ra2 {[%emt 0:11:6] Wards off Rb2+} Kg7 44. Re5 (44. Rd5 $17 )Kh6 45. Ree2 Rhf1+ 46. Kg3 Kg5 47. Ra4 Rh1 48. Ree4 Rb2 (48... Rbg1 $17 49. f4+ Kh6 )49. Rab4 $15 Rxb4 50. Rxb4 {[%emt 0:0:4] KR-KR. Black is a pawn up.} h4+ 51. Kf2 f5 52. Ra4 ({White should play} 52. f4+ $15 Kg4 53. Rb6 )Rb1 53. Rc4 Ra1 54. Rb4 Rd1 ({Better is} 54... Kh5 $17 )55. Ra4 Rb1 56. Rc4 $1 Rb2+ (56... Kh5 $17 )57. Kg1 $11 h3 58. gxh3 {[%emt 0:0:3] The position is equal.} f4 59. h4+ Kxh4 60. Rxf4+ Kg3 61. Rg4+ Kxf3 62. Rxg6 {[%emt 0:0:3] And White is the lucky defender.   Weighted Error Value: White=0.11 (very precise) /Black=0.11 (very precise)   Mistake:       	White=4     	Black=3      Inaccurate:     	White=4     	Black=3      OK:         	White=5     	Black=9      Best:        	White=2     	---        Strong:       	White=1     	---} 1/2-1/2

[Event "FIDE Candidates 2026"]
[White "Nakamura,Hikaru"]
[Black "Sindarov,Javokhir"]
[Site "Agios Georgios Pegeia"]
[Round "5.1"]
[Annotator "TA"]
[Result "0-1"]
[Date "2026.04.03"]
[WhiteElo "2810"]
[BlackElo "2745"]
[PlyCount "82"]
[TimeControl "60"]

1. d4 d5 2. c4 e6 3. Nc3 c6 4. e4 dxe4 5. Nxe4 Bb4+ 6. Bd2 Qxd4 7. Bxb4 Qxe4+ 8. Be2 Na6 9. Bd6 {[%emt 0:0:8] is more profitable than 9.Ba5 at the moment.} Qxg2 {[%emt 0:0:38] D31: Queen's Gambit Declined: Semi-Slav without ...Nf6 (+ Marshall Gambit and Noteboom) and Exchange Variation lines without ...Nf6.} 10. Bf3 {[%emt 0:0:4] White sacrificed a pawn A strong pair of Bishops.} (10. Qd2 $11 Nf6 (10... Qxh1 $2 11. O-O-O $18 )11. Bf3 )Qg5 $15 11. Ne2 Ne7 {[%emt 0:1:19] Black has an edge.} 12. Ng3 O-O 13. h4 $146 (13. Ne4 $11 {remains equal.} Qa5+ 14. b4 Nxb4 15. O-O (15. Bxe7 Nd5+ 16. Qd2 Qxd2+ 17. Nxd2 Nxe7 $19 ))({Predecessor:} 13. Ne4 Qa5+ 14. b4 Qd8 15. Rg1 f6 16. Qc2 e5 17. Rd1 Nf5 18. b5 Qa5+ 19. Qd2 Qxd2+ 20. Rxd2 Nxd6 21. Rxd6 cxb5 22. Nxf6+ {½-½ Venkatesan,K (2202)-Smeets,K (2322) EU-ch U16 Prague 2024 (6)} )Qa5+ $17 14. b4 Nxb4 15. O-O (15. Bxe7 $2 Nd5+ (15... Nxa2+ $2 {perishes.} 16. Kf1 $18 )16. Kf1 Nxe7 $19 )(15. Qd2 $2 Nc2+ 16. Ke2 Qxd2+ 17. Kxd2 Rd8 (17... Nxa1 18. Bxe7 Re8 19. Bc5 $15 )18. Kxc2 Rxd6 $19 )Re8 16. Qd2 c5 17. Rad1 {[%emt 0:19:35] [#] Bxe7 is the strong threat.} Nf5 18. Nxf5 exf5 19. Qf4 Nc6 20. Kh1 Nd4 21. Rg1 (21. Be5 $142 )g6 $19 22. Bd5 Be6 23. Bxb7 Ne2 24. Qd2 Qxd2 25. Rxd2 Nxg1 26. Bxa8 Rxa8 27. Kxg1 {[%emt 0:0:8][%mdl 4096] Endgame KRB-KRB. Black is two pawns up.} Rd8 28. Bf4 Rxd2 29. Bxd2 Bxc4 $17 {[%emt 0:0:6] KB-KB. Black is 3 pawns up.} 30. Be3 (30. a3 $17 {might work better.} )Bxa2 $19 31. Bxc5 a5 32. f4 $2 {[%emt 0:2:42] [#]} (32. Bd4 )f6 {[%emt 0:0:7] Black is clearly winning.} 33. Kf2 Kf7 34. Ba3 Ke6 35. Bf8 a4 36. Ke3 (36. Ke2 $142 )Kf7 37. Bb4 h6 38. Kf2 g5 39. Kg3 Bd5 40. Ba3 Be4 41. Bc1 gxh4+ {[%emt 0:0:38] Weighted Error Value: White=0.48/Black=0.13 (very precise)   Mistake:       	White=6     	---        Inaccurate:     	---       	Black=1      OK:         	---       	Black=5      Best:        	---       	Black=1} 0-1

[Event "FIDE Candidates 2026"]
[White "Caruana,Fabiano"]
[Black "Bluebaum,Matthias"]
[Site "Agios Georgios Pegeia"]
[Round "5.2"]
[Annotator "TA"]
[Result "1-0"]
[Date "2026.04.03"]
[WhiteElo "2795"]
[BlackElo "2698"]
[PlyCount "55"]
[TimeControl "60"]

1. e4 e5 2. Nf3 Nf6 3. Nxe5 d6 4. Nc4 Nxe4 5. Nc3 Nxc3 6. dxc3 d5 {[%emt 0:2:7] C42: Petroff Defence: 3 Nxe5 and unusual White 3rd moves.} 7. Ne3 c6 8. Bd2 $146 ({Predecessor:} 8. Qd4 Nd7 9. c4 Qf6 10. Qxf6 Nxf6 11. cxd5 cxd5 12. Bd2 Bc5 13. O-O-O O-O 14. Bc3 Ne4 15. Bd4 Bxd4 16. Rxd4 Nxf2 17. Rg1 Re8 18. Rxd5 g6 {½-½ Mamedov,R (2689)-Kuzubov,Y (2637) Lvov rapid Cup 2017 (11)} )g6 {[%emt 0:4:40] Black has an edge.} 9. f4 Bg7 10. Qf3 Nd7 11. O-O-O Nc5 12. f5 O-O 13. g4 Ne4 14. Bd3 Re8 15. Bxe4 Rxe4 16. h4 Be5 {[%emt 0:12:34] [#]} 17. c4 $1 Qb6 18. c3 $1 Qa5 {[%emt 0:4:7] Loses the game.} ({Black should play} 18... Bd7 $14 )19. h5 $18 g5 (19... Rf4 20. Qg2 b6 21. hxg6 hxg6 )20. cxd5 (20. Nxd5 $142 cxd5 21. Bxg5 )Rf4 21. Qe2 cxd5 22. Kb1 Ra4 $2 {[%emt 0:3:32] [#]} (22... Re4 {is tougher.} )23. c4 Qa6 24. Nxd5 f6 25. Bc3 Qxc4 26. Nxf6+ {[%emt 0:0:8] White mates.} Bxf6 27. Qe8+ Kg7 28. h6# {[%emt 0:0:2] Weighted Error Value: White=0.13 (very precise) /Black=0.89   Mistake:       	White=1     	Black=3      Inaccurate:     	White=1     	Black=4      OK:         	White=3     	Black=1      Best:        	---       	Black=1      Strong:       	White=1     	---} 1-0

[Event "FIDE Candidates 2026"]
[White "Praggnanandhaa R"]
[Black "Esipenko,Andrey"]
[Site "Agios Georgios Pegeia"]
[Round "5.3"]
[Annotator "TA"]
[Result "1/2-1/2"]
[Date "2026.04.03"]
[WhiteElo "2741"]
[BlackElo "2698"]
[PlyCount "61"]
[TimeControl "60"]

1. Nf3 d5 2. e3 Nf6 3. c4 e6 4. b3 Be7 5. Bb2 O-O 6. Be2 c5 {[%emt 0:3:18] A13: English Opening: 1...e6.} 7. cxd5 Nxd5 8. Nc3 b6 9. Nxd5 exd5 10. O-O Be6 11. d4 Nd7 12. Ba6 $146 ({Predecessor:} 12. Rc1 Bf6 13. h3 Qe7 14. Qd2 Rfc8 15. Ba6 Rc7 16. Rfe1 Nb8 17. Bd3 a5 18. e4 {1-0 Keymer,V (2667)-Rychagov,A (2549) Titled Tuesday intern op 24th May Late blitz 2022 (10)} )Nf6 13. Qe2 Bd6 14. Rac1 Qe7 15. Ne5 Ne4 16. Rfd1 Rae8 17. f3 Nf6 18. Qf2 Qc7 19. Bd3 Rc8 20. f4 {[%emt 0:9:5] White is more active.} (20. Qh4 $16 )Qe7 $11 21. Qf3 Rc7 {[%emt 0:2:33] The position is equal.} 22. Rd2 Bc8 23. Rdc2 Bb7 24. Qg3 h6 25. h3 Qe6 26. Kh1 Rfc8 27. Kh2 Re8 28. Kh1 Rec8 29. Kh2 Re8 30. Kh1 Rec8 31. Kh2 {[%emt 0:2:47] Weighted Error Value: White=0.10 (very precise) /Black=0.06 (flawless)   Mistake:       	White=1     	---        Inaccurate:     	White=1     	Black=2      OK:         	White=5     	Black=7} 1/2-1/2

[Event "FIDE Candidates 2026"]
[White "Wei,Yi"]
[Black "Sindarov,Javokhir"]
[Site "Agios Georgios Pegeia"]
[Round "6.1"]
[Annotator "TA"]
[Result "0-1"]
[Date "2026.04.04"]
[WhiteElo "2754"]
[BlackElo "2745"]
[PlyCount "72"]
[TimeControl "60"]

1. e4 e5 2. Nc3 Nc6 3. Bc4 Nf6 4. d3 Na5 5. a3 Nxc4 6. dxc4 {[%emt 0:0:31] C28: Vienna Game: 2...Nf6 3 Bc4 Nc6.} Bc5 7. Nf3 d6 8. Qd3 {[%emt 0:0:19] The position is equal.} Be6 9. Bg5 a5 $5 $146 {[%emt 0:4:39][%mdl 8] New and interesting.} ({Predecessor:} 9... h6 10. Bxf6 Qxf6 11. b4 Bb6 12. c5 dxc5 13. bxc5 Rd8 14. Qe2 O-O 15. cxb6 cxb6 {1-0 Horackova,M (2355)-Zimmermann,B (2495) ICCF-Cup6/7 sf corr 1990} )10. Nd5 c6 11. Nxf6+ gxf6 12. Bh4 Rg8 13. O-O a4 14. b4 axb3 15. cxb3 Bg4 16. b4 Bxf3 17. Qxf3 Bd4 18. Bxf6 (18. Ra2 $11 )Qd7 $15 19. Rad1 Qe6 20. h3 Qxc4 (20... Rg6 $5 21. Bh4 $8 Qxc4 $15 )21. Rd3 Qe6 22. Rfd1 Rg6 23. Bh4 Kf8 24. Qh5 (24. Rb1 $15 )Kg8 25. Kh1 {[%emt 0:2:15][%cal Of2f4] [#]} c5 $1 {[%emt 0:0:53][%csl Od4] Strong Square Black (d4)} 26. f4 exf4 27. Qf3 {[%emt 0:1:21] [#]} Re8 {[%emt 0:1:51] Black is more active.} ({Black should play} 27... Be5 $1 $17 28. bxc5 dxc5 )28. Bf2 Bxf2 29. Qxf2 Qxe4 30. Rxd6 $2 {[%emt 0:1:3] White does not recover from this.} (30. bxc5 $17 dxc5 31. Rf3 )Rxd6 $19 31. Rxd6 $17 {[%emt 0:0:2][%mdl 4096] Endgame KQR-KQR. Black is a pawn up.} Qe3 32. Qf3 (32. Qd2 $142 c4 (32... Qxa3 33. Qxf4 cxb4 34. Qg5+ Kf8 35. Kh2 $11 )33. Rd8 Qxd2 34. Rxd2 )c4 $19 {[%emt 0:1:29] And now ...c3 would win.} 33. Qg4+ $2 (33. Rd5 c3 34. Rg5+ Kf8 35. Rc5 Qxc5 36. bxc5 Re1+ 37. Kh2 )Kf8 {[%emt 0:0:58] Black is clearly winning.} 34. Rd1 c3 35. Qg5 f3 36. Qxe3 Rxe3 {[%emt 0:0:3] Weighted Error Value: White=0.58/Black=0.07 (flawless)   Loses game:     	White=1     	---        Mistake:       	White=4     	Black=1      Inaccurate:     	White=1     	---        OK:         	White=4     	Black=3      Best:        	---       	Black=1      Strong:       	---       	Black=1} 0-1

[Event "FIDE Candidates 2026"]
[White "Caruana,Fabiano"]
[Black "Esipenko,Andrey"]
[Site "Agios Georgios Pegeia"]
[Round "6.2"]
[Annotator "TA"]
[Result "1/2-1/2"]
[Date "2026.04.04"]
[WhiteElo "2795"]
[BlackElo "2698"]
[PlyCount "92"]
[TimeControl "60"]

1. Nf3 d5 2. c4 e6 3. g3 Nf6 4. Bg2 Be7 5. O-O O-O 6. b3 c5 7. Bb2 Nc6 8. e3 b6 9. Qe2 Bb7 10. Rd1 Qd7 {[%emt 0:6:22] A14: English Opening: 1...e6 with b3 by White.} 11. d4 cxd4 12. Nxd4 Nxd4 {[%emt 0:6:57] White is slightly better.} 13. Bxd4 Qc8 $146 ({Predecessor:} 13... Qc7 14. cxd5 Bxd5 15. e4 Bc6 16. Nc3 e5 17. Be3 Rad8 18. Rxd8 Rxd8 19. Rd1 Rxd1+ 20. Qxd1 {½-½ Asadli,V (2572)-Gadimbayli,A (2470) AZE-ch Prelim 75th 2021 (8)} )14. cxd5 Bxd5 15. Nc3 (15. e4 $5 Bc6 16. e5 $14 )Bxg2 16. Kxg2 Qb7+ 17. Qf3 Qxf3+ 18. Kxf3 Rfc8 19. Rd3 Nd7 20. Rdd1 f6 21. Nb5 a6 22. Bb2 axb5 23. Rxd7 Bf8 24. Bd4 b4 25. Bxb6 Ra6 26. Bd8 Rd6 {[%emt 0:3:0] The position is equal.} 27. Rxd6 Bxd6 $11 {[%emt 0:0:1][%mdl 4096] Endgame KRB-KRB. White is a pawn up.} 28. Bb6 Rc6 29. Ba7 Rc2 30. Bd4 e5 31. Ba7 Kf7 32. e4 Ke6 33. g4 g6 34. Be3 Be7 35. h3 f5 36. gxf5+ gxf5 37. Rc1 Rxa2 38. Rc6+ Kd7 39. Rc4 fxe4+ 40. Kxe4 Rb2 41. Kxe5 Rxb3 42. Kd5 Ra3 43. Re4 Ra5+ 44. Kc4 Rh5 45. Bd2 Rxh3 46. Bxb4 Bxb4 {[%emt 0:0:36] Weighted Error Value: White=0.04 (flawless) /Black=0.05 (flawless)   Inaccurate:     	White=2     	Black=1      OK:         	White=12    	Black=10     Best:        	White=1     	Black=2} 1/2-1/2

[Event "FIDE Candidates 2026"]
[White "Giri,Anish"]
[Black "Bluebaum,Matthias"]
[Site "Agios Georgios Pegeia"]
[Round "6.3"]
[Annotator "TA"]
[Result "1/2-1/2"]
[Date "2026.04.04"]
[WhiteElo "2753"]
[BlackElo "2698"]
[PlyCount "168"]
[TimeControl "60"]

1. c4 e6 2. Nc3 d5 3. d4 Nf6 4. cxd5 exd5 5. Bg5 c6 6. e3 Bf5 7. Qf3 Bg6 8. Bxf6 Qxf6 9. Qxf6 gxf6 10. h4 $1 {[%emt 0:0:8][%mdl 4] is recently more successful than 10.Nf3.} h5 {[%emt 0:0:25] D35: Queen's Gambit Declined: Exchange Variation.} 11. Nge2 Bd6 12. g3 Nd7 {[%emt 0:1:30] White has an edge.} 13. Bg2 Kf8 $146 ({Predecessor:} 13... a5 14. Bf3 Nb6 15. O-O-O a4 16. Nf4 Nc4 17. Nce2 Be7 18. Nxg6 fxg6 19. Nf4 Kf7 {1-0 Smietanska,W (2070)-Kampmann,H (2160) Titled Tuesday intern op 08th Oct Early blitz 2024 (11)} )14. O-O Kg7 15. a3 a5 16. b3 Rhe8 17. Rfc1 Ra7 18. Na4 Bf5 19. Bf3 Kh6 20. Nb2 Ra6 21. Nc3 Ra7 22. Kg2 Bg6 23. Be2 Rea8 24. Nd3 Bf5 25. Na4 Be4+ {[%emt 0:4:42] A strong pair of Bishops.} 26. Kf1 Bf5 27. Nac5 Nb6 28. Nb2 Be7 29. Nba4 Nc8 30. Nd3 Nd6 31. Nc3 Bg6 32. Nf4 Ne8 33. Na4 Nd6 34. Nc5 Ne8 35. Ra2 Bd6 36. Nfd3 Be7 37. Na4 Nd6 38. Nf4 Ne8 39. Nb6 Rd8 40. Nd3 Nd6 41. Nf4 Re8 42. Kg1 Bd8 43. Na4 Be7 44. Bf1 Bf5 45. Nc5 Rea8 46. Kh2 Ne8 47. Na4 Nd6 48. Nc3 Ne8 49. Bd3 Bxd3 50. Nxd3 f5 51. Kg2 Nf6 52. Na4 Bd6 53. Nac5 Kg7 54. Rcc2 Ne4 55. Na4 Nf6 56. Nc3 Ne4 57. Ne2 Nf6 58. Nb2 Ne4 59. Na4 Nf6 60. Nac3 Ne4 61. Kf3 Nf6 62. Nf4 Kh6 63. Nd3 Ne4 64. Ne2 Kg7 65. Rc1 Nf6 66. Kg2 (66. Nc5 {seems wilder.} Ne4 67. Nf4 Rh8 68. Rcc2 )Ne4 67. Ne1 Nf6 68. Rd1 Ne4 69. Rd3 Nf6 70. Nc2 Ne4 71. Rb2 Ra6 72. Kf1 Nf6 73. Ra2 Ne4 74. Kg2 R6a7 75. Ne1 Nf6 $1 76. Nf3 Ne4 77. Nd2 Nf6 78. Nb1 Ne4 79. Rb2 Ra6 80. Rd1 Rb6 (80... Kh6 $11 {deserves consideration.} )81. Rc1 Rba6 82. Nec3 (82. a4 $14 )Rb6 83. Na4 Rba6 84. Nac3 Rb6 {[%emt 0:0:5] Weighted Error Value: White=0.07 (flawless) /Black=0.05 (flawless)   Mistake:       	White=1     	Black=1      Inaccurate:     	White=6     	Black=3      OK:         	White=6     	Black=16     Best:        	---       	Black=1      Strong:       	---       	Black=1} 1/2-1/2

[Event "FIDE Candidates 2026"]
[White "Nakamura,Hikaru"]
[Black "Praggnanandhaa R"]
[Site "Agios Georgios Pegeia"]
[Round "6.4"]
[Annotator "TA"]
[Result "1/2-1/2"]
[Date "2026.04.04"]
[WhiteElo "2810"]
[BlackElo "2741"]
[PlyCount "46"]
[TimeControl "60"]

1. d4 Nf6 2. c4 e6 3. Nc3 Bb4 4. e3 b6 5. Nge2 c5 6. a3 Ba5 7. Bd2 O-O 8. d5 exd5 {[%emt 0:0:44] E42: Nimzo-Indian: Rubinstein: 4...c5 5 Ne2.} 9. Nxd5 Nxd5 10. cxd5 Bxd2+ 11. Qxd2 Ba6 12. Ng3 Bxf1 13. Kxf1 $146 ({Predecessor:} 13. Nxf1 d6 14. Ng3 Nd7 15. O-O f5 16. Rae1 b5 17. f4 c4 18. e4 fxe4 19. Nxe4 {0-1 Kasparov,S (2462)-Rotstein,A (2557) San Martino di Castrozza op 3rd 2002 (6)} )d6 14. h4 Nd7 15. e4 Qf6 16. Re1 g6 17. h5 Ne5 18. Rh3 b5 19. Kg1 c4 20. Qh6 Ng4 21. Qd2 Ne5 22. Qh6 Ng4 23. Qd2 Ne5 {[%emt 0:19:52] Not much happened in this game.   Weighted Error Value: White=0.03 (flawless) /Black=0.04 (flawless)   Inaccurate:     	White=1     	Black=1      OK:         	White=7     	Black=9} 1/2-1/2

[Event "FIDE Candidates 2026"]
[White "Sindarov,Javokhir"]
[Black "Giri,Anish"]
[Site "Agios Georgios Pegeia"]
[Round "7.1"]
[Annotator "TA"]
[Result "1/2-1/2"]
[Date "2026.04.05"]
[WhiteElo "2745"]
[BlackElo "2753"]
[PlyCount "170"]
[TimeControl "60"]

1. d4 Nf6 2. c4 e6 3. Nf3 d5 4. Nc3 Bb4 5. Bg5 h6 6. Bxf6 Qxf6 7. e3 O-O 8. Rc1 dxc4 9. Bxc4 c5 10. O-O cxd4 {[%emt 0:0:7] D38: Queen's Gambit Declined: Ragozin Defence (4 Nf3 Bb4).} 11. Ne4 Qe7 12. exd4 Rd8 13. Qe2 Nc6 14. Rfd1 Ba5 15. Bb5 Bd7 16. Nc5 Be8 17. d5 exd5 18. Qxe7 Nxe7 19. Nxb7 {[%emt 0:0:29][%cal Bc5b7,Bb7a5,Ba5b3,Bb3d4][%mdl 32] [#]} Rdb8 20. Nxa5 {[%emt 0:1:33] Bxe8 is the strong threat.} Rxb5 21. Nb3 a5 22. Rd2 a4 23. Nbd4 Rb7 {[%emt 0:0:10] Repels Rc7} 24. h3 $146 ({Predecessor:} 24. Ne5 Rc8 25. Rxc8 Nxc8 26. b3 axb3 27. axb3 Nd6 28. Nd3 Nb5 29. Nb4 Nxd4 30. Rxd4 {½-½ Ruck,R (2531)-Dizdar,G (2541) AUT-chT 0607 2006 (7)} )Rab8 25. b3 axb3 26. axb3 f6 27. g4 h5 28. Ne1 hxg4 29. hxg4 Ng6 30. f3 Ne5 31. Kf2 g5 32. Nd3 Bd7 33. Kg3 Nxd3 34. Rxd3 Rb6 35. Rd2 Kf7 36. Rc5 R8b7 37. Rh2 {[%emt 0:1:9] White is more active.} Rd6 38. Kf2 Kg7 39. Ra5 Rb4 40. Ke3 Rdb6 41. Rxd5 Be6 42. Rd8 Rxb3+ 43. Nxb3 Rxb3+ $16 {[%emt 0:0:2][%mdl 4096] Endgame KRR-KRB} 44. Kf2 (44. Rd3 $16 )Rb2+ $2 (44... Bxg4 $1 $11 45. fxg4 Rb2+ 46. Kg1 Rb1+ 47. Kg2 Rb2+ 48. Kg1 )45. Kg3 Rxh2 46. Kxh2 {[%emt 0:0:23] KR-KB} Kf7 47. Kg3 Ke7 48. Ra8 Kf7 49. Ra7+ Kf8 50. Kf2 Ke8 51. Ke3 Kf8 52. Kd4 Ke8 53. Kc5 Kf8 54. Rb7 Ba2 55. Rc7 Bb3 56. Kd6 Ba2 57. Rc2 Bb3 58. Rb2 Bc4 59. Rb4 Ba2 60. Rb5 Kf7 61. Rb7+ Kf8 62. Rb2 Bc4 63. Rf2 Bb3 64. Rf1 Bc4 65. Ra1 Bb3 66. Ra3 $2 (66. Rb1 $16 Bc4 67. Rb8+ Kf7 68. Kc5 )Bc4 $18 67. Ra5 $2 (67. Rc3 $18 Ba2 68. Rc8+ Kf7 69. Ra8 )Kf7 $16 68. Ra7+ Kf8 69. Kd7 Kf7 70. Rc7 ({White should play} 70. Kd8+ $16 Kf8 71. Kd7 )Bb3 (70... Be2 $11 {remains equal.} )71. Rc5 Be6+ 72. Kc6 Bb3 73. Rf5 (73. Kd6 $16 )Be6 {[%emt 0:1:6] [#]} (73... Bc4 $14 )74. Kd6 $1 Bb3 75. Rb5 Ba2 76. Rb4 {[%emt 0:0:5] Against Bc4} Kf8 $1 77. f4 (77. Rb8+ $16 Kf7 78. Rb2 )gxf4 $11 78. Rxf4 Kg7 79. Ke7 Kg6 80. Rxf6+ Kg5 81. Rf2 Bb3 82. Rg2 Bd1 83. Ke6 Bxg4+ 84. Ke5 Kh5 85. Rxg4 Kxg4 {[%emt 0:0:3] Black escapes into a draw.   Weighted Error Value: White=0.06 (flawless) /Black=0.09 (flawless)   Missed win:     	White=1     	---        Mistake:       	White=5     	Black=3      Inaccurate:     	White=1     	Black=3      OK:         	White=8     	Black=8      Best:        	White=1     	Black=1      Strong:       	---       	Black=1} 1/2-1/2